 Dungeon Crawl Stone Soup version 0.30.0-29-ga12c61a403 (webtiles) character file.

Game seed: 14000197724034234616

114849 qw the Severer (level 16, -4/101 HPs)
             Began as a Gargoyle Fighter on June 3, 2023.
             Was an Elder of Okawaru.
             Slain by Donald
             ... wielding a +3 eveningstar of holy wrath
              (28 damage)
             ... on level 1 of the Snake Pit.
             The game lasted 00:15:06 (26109 turns).

qw the Severer (Gargoyle Fighter)                  Turns: 26109, Time: 00:15:06

Health: -4/101     AC: 48    Str: 28    XL:     16   Next: 67%
Magic:  18/23      EV: 13    Int:  9    God:    Okawaru [****..]
Gold:   209        SH: 20    Dex:  9    Spells: 15/15 levels left

rFire   + . .        p - +0 broad axe (vamp)
rCold   + . .        v - +0 tower shield
rNeg    + . .        q - +0 gold dragon scales
rPois   inf          u - +1 helmet
rElec   +            b - +0 cloak
rCorr   .            k - +2 pair of gloves
SInv    .            y - +0 pair of boots "Pahomij" {Regen+}
Will    +....        E - amulet of faith Stlth
                     B - +5 ring of evasion
HPRegen 1.16/turn    s - +4 ring of protection
MPRegen 0.18/turn

%: faith
@: about to teleport, heroic, finesse-ful, flying
A: sickness immunity, AC +12, big wings, negative energy resistance 1,
electricity resistance, torment resistance 1, petrification resistance
a: Renounce Religion, Heroism, Finesse


You were on level 1 of the Snake Pit.
You worshipped Okawaru.
Okawaru was greatly pleased with you.
You visited 5 branches of the dungeon, and saw 24 of its levels.

You collected 2349 gold pieces.
You spent 2140 gold pieces at shops.


Innate Abilities, Weirdness & Mutations

You are immune to sickness and miasma.
Your stone body is resilient. (AC +12)
You are immune to poison.
Your large and strong wings let you fly.
You resist negative energy. (rN+)
You are resistant to electric shocks. (rElec)
You are resistant to unholy torment.
You are immune to petrification.


   Skills:
 - Level 12.0(17.0) Fighting
 - Level 16.1(21.1) Axes
 - Level 6.0(11.0) Throwing
 - Level 13.9(18.9) Armour
 - Level 3.0(8.0) Dodging
 + Level 15.2(20.2) Shields
 - Level 10.0 Invocations


You had 15 spell levels left.
You didn't know any spells.
Your spell library was empty.

Inventory:

Hand Weapons
 p - a +0 vampiric broad axe (weapon)
 t - a +2 hand axe of flaming
Missiles
 c - 22 boomerangs
 r - 14 javelins (quivered)
 A - 2 silver boomerangs
Armour
 b - a +0 cloak (worn)
 k - a +2 pair of gloves (worn)
 q - +0 gold dragon scales (worn)
 u - a +1 helmet (worn)
 v - a +0 tower shield (worn)
 y - the +0 pair of boots "Pahomij" (worn) {Regen+}
   (You found it on level 5 of the Lair of Beasts)

   Regen:     It increases your rate of health regeneration.
 D - a +1 plate armour of willpower
 G - a +1 kite shield of resistance
 I - a +0 tower shield of protection
Jewellery
 f - a ring of fire
 s - a +4 ring of protection (right hand)
 w - a ring of resist corrosion
 x - a ring of ice
 B - a +5 ring of evasion (left hand)
 C - an amulet of regeneration
 E - an amulet of faith (around neck)
 H - a +6 ring of dexterity
Wands
 h - a wand of digging (5)
Scrolls
 a - 18 scrolls of identify
 g - 2 scrolls of teleportation
Potions
 d - 3 potions of might
 e - a potion of attraction
 i - 3 potions of haste
 j - 2 potions of lignification
 l - 4 potions of mutation
 m - a potion of magic
 n - 4 potions of heal wounds
 o - 5 potions of curing
 z - a potion of cancellation
 F - 2 potions of brilliance {unknown}

Dungeon Overview and Level Annotations

Branches:
Dungeon (15/15)            Temple (1/1) D:6            Lair (5/5) D:9
 Shoals (0/4) Lair:3        Snake (1/4) Lair:3        Slime (0/5) Lair:5
    Orc (2/2) D:10            Elf (0/3) Orc:2        Vaults (0/5) D:13
 Depths (0/4) D:15

Altars:
Ashenzari
Cheibriados
Dithmenos
Elyvilon
Fedhas
Gozag
Hepliaklqana
Kikubaaqudgha
Makhleb
Nemelex Xobeh
Okawaru
Qazlal
Ru
Sif Muna
Trog
Uskayaw
Vehumet
Wu Jian
Xom
Yredelemnul
Zin
The Shining One
Jiyva

Shops:
D:2 *(*   D:6 =   D:7 :   D:8 (   D:13 =   Orc:1 :   Orc:2 [(*==

Annotations:
D:6 3 runed translucent doors, qw's ghost, novice GrFi
D:7 2 transporters, qw's ghost, novice GrFi
Snake:1 Donald; Frances


Message History

You hit the shock serpent.
You feel better.
The shock serpent is almost dead.
Donald blocks your attack.
Donald says, "Man, snails must be faster than these guys."
You block Donald's attack. You block the shock serpent's attack.
You slash the shock serpent!
You feel better.
You kill the shock serpent!
Okawaru accepts your kill. Donald blocks your attack.
The air sparks with electricity, shocking you!
You resist. Donald blocks your attack.
Donald is lightly wounded.
You block Donald's attack.
You slice Donald!!
You feel better.
Donald is moderately wounded.
You hit Donald but do no damage.
Donald is moderately wounded.
Donald hits you with a +3 eveningstar of holy wrath!
Donald blocks your attack.
Donald is moderately wounded.
You hit Donald but do no damage.
Donald is moderately wounded.
Donald hits you with a +3 eveningstar of holy wrath!
Frances chants phrases taken from a devil's mouth.
The iron shot hits you!! Donald blocks your attack.
Donald is moderately wounded.
Donald completely misses you.
You hit Donald but do no damage.
Donald is moderately wounded.
Frances chants phrases taken from a devil's mouth.
The shard of ice hits you!! You partially resist.
26109 ||| READING 3 scrolls of teleportation.
As you read the scroll of teleportation, it crumbles to dust.
You feel strangely unstable. You block Donald's attack.
Donald says, "Okawaru's gifts are murder."
Donald hits you with a +3 eveningstar of holy wrath!!
You die...

....# #.....#
.. ##....##
#..
##.....###..#
##.###......#
##.##
##....##
##.##
#..>.###
##.##
#....##.
##..#
##.......
#@@##
#........
#%..#
#..##...[%
...@3# ....
##=...
#.#.#.#.#.#.
#....
......N.....
##...
.#.#.#.#.#
##..
............
### # #. .# #
#. #


You could see Frances, Donald (fast, strong, reflecting), a smoke demon
(summoned) and a naga.

Vanquished Creatures
  Rupert (D:15)
  Jorgrun (Orc:2)
  Kirke (D:14)
  Louise (D:15)
  An orc warlord (Orc:2)
  Nessos (Lair:3)
  2 dire elephants (Lair:5)
  Snorg (Lair:5)
  An ettin (Orc:2)
  2 rakshasas (D:15)
  5 vault guards (D:13)
  11 hydras
  3 anacondas (Snake:1)
  3 centaur warriors
  A catoblepas (Lair:1)
  4 naga warriors (Snake:1)
  3 boulder beetles
  3 two-headed ogres
  8 death yaks
  2 tengu warriors (D:14)
  4 naga sharpshooters (Snake:1)
  Nergalle (D:10)
  A shock serpent (Snake:1)
  4 skysharks
  Amaemon (Lair:3)
  A spriggan (Lair:5)
  A spectral anaconda (Lair:5)
  A salamander mystic (Snake:1)
  A glowing orange brain (D:15)
  2 wizards
  4 necromancers (Lair:5)
  2 deep elf pyromancers
  2 orc knights
  2 orc sorcerers
  12 ugly things
  A salamander (shapeshifter) (D:15)
  A manticore (D:8)
  5 cyclopes
  An oklob plant (Lair:3)
  Maurice (D:8)
  A guardian serpent (Lair:3)
  13 elephants
  2 gargoyles (D:13)
  12 slime creatures
  14 black mambas
  2 naga magi (Snake:1)
  An unseen horror (D:11)
  An unseen horror (shapeshifter) (D:15)
  An orange demon (Lair:3)
  16 cane toads
  4 rime drakes
  A kobold demonologist (D:12)
  An efreet (D:13)
  A tengu conjurer (D:15)
  8 komodo dragons
  5 yaktaurs (D:13)
  5 polar bears
  8 trolls
  2 hornets
  12 dream sheep
  8 blink frogs
  A culicivora (shapeshifter) (D:14)
  A vampire (D:12)
  A shadow (D:11)
  6 wraiths
  4 wyverns
  64 yaks
  3 basilisks
  3 hogs (D:15)
  4 humans
  3 vampire mosquitoes (D:11)
  A steam dragon (D:8)
  2 death yak simulacra (Lair:5)
  4 wargs
  A warg (shapeshifter) (D:15)
  7 nagas (Snake:1)
  17 water moccasins
  35 orc warriors
  4 ice beasts
  3 sky beasts
  2 elephant zombies (Lair:5)
  7 ogres
  34 wolves
  17 centaurs
  A phantom (D:3)
  2 kobold brigands
  12 bullfrogs
  2 scorpions (D:5)
  13 wights
  3 killer bees (D:8)
  5 howler monkeys
  3 electric eels (D:7)
  A lava snake (D:7)
  2 hounds (D:5)
  2 jellies
  19 orc priests
  A gnoll bouda (D:5)
  A sleepcap (D:5)
  Terence (D:2)
  Jessica (D:3)
  3 iguanas
  32 orc wizards
  13 gnolls
  5 adders
  2 shadow imps
  2 white imps
  An ufetubus (D:5)
  3 worms
  3 dart slugs
  83 orcs
  6 bats
  9 endoplasms
  2 giant cockroaches (D:1)
  6 goblins
  7 hobgoblins
  4 jackals (D:4)
  4 quokkas
  2 training dummies (D:8)
  8 ball pythons
  3 frilled lizards
  18 kobolds
  A rat (D:2)
731 creatures vanquished.

Vanquished Creatures (others)
  A howler monkey (D:13)
  A kobold (D:12)
2 creatures vanquished.

Grand Total: 733 creatures vanquished

Notes
Turn   | Place    | Note
-------+----------+-------------------------------------------
     0 | D:1      | qw the Gargoyle Fighter began the quest for the Orb.
     0 | D:1      | Reached XP level 1. HP: 14/14 MP: 1/1
     0 | D:1      | 0 ||| qw: Version: 0.2-a-103-g5a998e5
     0 | D:1      | 0 ||| qw: Game counter: 1018
     0 | D:1      | 0 ||| qw: Always use a shield: true
     0 | D:1      | 0 ||| qw: God list: Okawaru
     0 | D:1      | 0 ||| qw: Allow faded altars: false
     0 | D:1      | 0 ||| qw: Do Orc after D:15 true
     0 | D:1      | 0 ||| qw: Do second Lair branch before Depths: true
     0 | D:1      | 0 ||| qw: Lair rune preference: random
     0 | D:1      | 0 ||| qw: Plans: Normal, Zot:1-4, Slime:5, God:TSO, Crypt,
                  | Tomb, Pan, Hells, Abyss, Win
     0 | D:1      | 0 ||| PLANNING D:1-11
    56 | D:1      | Reached skill level 2 in Axes
    75 | D:1      | Reached XP level 2. HP: 19/19 MP: 2/2
    85 | D:1      | 85 ||| FLEEEEING.
    86 | D:1      | 86 ||| FLEEEEING.
    87 | D:1      | 87 ||| FLEEEEING.
    88 | D:1      | 88 ||| FLEEEEING.
    89 | D:1      | 89 ||| FLEEEEING.
    90 | D:1      | 90 ||| FLEEEEING.
   175 | D:1      | Reached skill level 3 in Axes
   191 | D:1      | You fall into a shaft and drop 1 floor!
   197 | D:2      | 197 ||| READING scroll labelled MARISE DEUSOUNK.
   212 | D:1      | Reached XP level 3. HP: 23/23 MP: 3/3
   375 | D:1      | 375 ||| Stepping ~*~*~tactically~*~*~ (hiding).
   541 | D:1      | 541 ||| Stepping ~*~*~tactically~*~*~ (stealth).
   542 | D:1      | 542 ||| Stepping ~*~*~tactically~*~*~ (stealth).
   594 | D:1      | 594 ||| UPGRADING to +0 pair of gloves.
   599 | D:1      | 599 ||| READING scroll labelled HUESTO RISHREAGH.
   600 | D:1      | 600 ||| READING 2 scrolls labelled QOACVO POHE.
   601 | D:1      | 601 ||| READING scroll labelled PUXEDGH PAAC.
   602 | D:1      | 602 ||| READING scroll labelled FUDUOPHEFAR.
   607 | D:1      | 607 ||| DROPPING scroll of magic mapping.
   623 | D:2      | Noticed Terence
   623 | D:2      | Found Luheron's Antique Weapon Boutique.
   632 | D:2      | Killed Terence
   633 | D:2      | Reached XP level 4. HP: 28/28 MP: 4/4
   648 | D:2      | 648 ||| SHOPLISTING glowing flail (188 gold, have 13).
   648 | D:2      | 648 ||| SHOPLISTING shimmering hand axe (232 gold, have
                  | 13).
   648 | D:2      | Found Kekidud's General Store.
   665 | D:2      | 665 ||| SHOPLISTING +1 hand axe of flaming (173 gold, have
                  | 13).
   665 | D:2      | 665 ||| SHOPLISTING scroll of identify (28 gold, have 13).
   665 | D:2      | 665 ||| SHOPLISTING scroll of teleportation (42 gold, have
                  | 13).
   728 | D:2      | 728 ||| Stepping ~*~*~tactically~*~*~ (hiding).
   843 | D:2      | Reached skill level 4 in Axes
   876 | D:2      | 876 ||| DROPPING +0 whip.
   996 | D:2      | Found Veacela's General Store.
  1017 | D:2      | 1017 ||| BUYING potion of curing (39 gold).
  1017 | D:2      | Bought a potion of curing for 39 gold pieces
  1017 | D:2      | 1017 ||| SHOPLISTING potion of mutation (104 gold, have
                  | 17).
  1037 | D:2      | 1037 ||| Stepping ~*~*~tactically~*~*~ (hiding).
  1124 | D:2      | Found a faded altar of an unknown god.
  1290 | D:2      | 1290 ||| UPGRADING to +0 chain mail.
  1300 | D:2      | 1300 ||| DROPPING +0 scale mail.
  1301 | D:2      | 1301 ||| UPGRADING to ring of see invisible.
  1302 | D:2      | 1302 ||| READING 3 scrolls labelled CIADEO EXUREN.
  1303 | D:2      | 1303 ||| READING scroll labelled SEXKEUN TITWOETU.
  1304 | D:2      | 1304 ||| READING 5 scrolls of identify.
  1304 | D:2      | 1304 ||| IDENTIFYING viscous purple potion
  1305 | D:2      | 1305 ||| DROPPING 2 scrolls of fog.
  1444 | D:3      | Noticed Jessica
  1449 | D:3      | Killed Jessica
  1450 | D:3      | Reached XP level 5. HP: 32/32 MP: 5/5
  1490 | D:3      | 1490 ||| Stepping ~*~*~tactically~*~*~ (stealth).
  1491 | D:3      | 1491 ||| Stepping ~*~*~tactically~*~*~ (stealth).
  1493 | D:3      | 1493 ||| Stepping ~*~*~tactically~*~*~ (hiding).
  1639 | D:3      | 1639 ||| Stepping ~*~*~tactically~*~*~ (stealth).
  1641 | D:3      | 1641 ||| Stepping ~*~*~tactically~*~*~ (stealth).
  1656 | D:3      | 1656 ||| READING scroll of enchant armour.
  1656 | D:3      | 1656 ||| ENCHANTING +0 pair of gloves.
  2051 | D:3      | 2051 ||| Stepping ~*~*~tactically~*~*~ (stealth).
  2167 | D:3      | Noticed a phantom
  2174 | D:3      | Killed a phantom
  2175 | D:3      | Reached skill level 5 in Axes
  2175 | D:3      | Reached XP level 6. HP: 36/37 MP: 6/6
  2380 | D:3      | 2380 ||| READING scroll labelled JEFEAK RODWAAG.
  2381 | D:3      | 2381 ||| READING scroll labelled KASEFO WEVUOSONN.
  2382 | D:3      | 2382 ||| DRINKING 3 puce potions.
  2487 | D:3      | 2487 ||| READING 7 scrolls of identify.
  2487 | D:3      | 2487 ||| IDENTIFYING inky potion
  2488 | D:3      | 2488 ||| DROPPING 2 potions of berserk rage.
  2583 | D:4      | Found a stormy altar of Qazlal.
  2671 | D:4      | 2671 ||| FLEEEEING.
  2798 | D:4      | 2798 ||| Stepping ~*~*~tactically~*~*~ (stealth).
  2799 | D:4      | 2799 ||| Stepping ~*~*~tactically~*~*~ (stealth).
  2834 | D:4      | 2834 ||| Stepping ~*~*~tactically~*~*~ (stealth).
  2835 | D:4      | 2835 ||| Stepping ~*~*~tactically~*~*~ (stealth).
  2958 | D:4      | Found a broken altar of Ashenzari.
  3035 | D:4      | 3035 ||| Stepping ~*~*~tactically~*~*~ (stealth).
  3146 | D:4      | 3146 ||| Stepping ~*~*~tactically~*~*~ (stealth).
  3147 | D:4      | 3147 ||| Stepping ~*~*~tactically~*~*~ (stealth).
  3278 | D:4      | 3278 ||| UPGRADING to +0 kite shield.
  3288 | D:4      | 3288 ||| DROPPING +0 buckler.
  3289 | D:4      | 3289 ||| UPGRADING to ring of willpower.
  3290 | D:4      | 3290 ||| READING scroll labelled CASSOU BAMUKIEFIM.
  3291 | D:4      | 3291 ||| READING 6 scrolls of identify.
  3291 | D:4      | 3291 ||| IDENTIFYING smoky brown potion
  3292 | D:4      | 3292 ||| READING 5 scrolls of identify.
  3292 | D:4      | 3292 ||| IDENTIFYING brown potion
  3293 | D:4      | 3293 ||| DROPPING potion of magic.
  3294 | D:4      | 3294 ||| DROPPING potion of degeneration.
  3332 | D:5      | Entered Level 5 of the Dungeon
  3333 | D:5      | 3333 ||| PLANNING SEWER
  3349 | D:5      | 3349 ||| Stepping ~*~*~tactically~*~*~ (hiding).
  3504 | D:5      | 3504 ||| Stepping ~*~*~tactically~*~*~ (hiding).
  3525 | D:5      | Reached XP level 7. HP: 23/43 MP: 7/7
  3531 | D:5      | HP: 6/43 [gnoll/+1 flail of holy wrath[a gnoll bouda] (8)]
  3532 | D:5      | 3532 ||| READING 4 scrolls of teleportation.
  3532 | D:5      | HP: 2/43 [gnoll/+1 flail of holy wrath[a gnoll bouda] (4)]
  3857 | D:5      | 3857 ||| Stepping ~*~*~tactically~*~*~ (hiding).
  4011 | D:5      | 4011 ||| RIP SEWER
  4014 | D:5      | 4014 ||| PLANNING D:1-11
  4014 | D:5      | 4014 ||| Stepping ~*~*~tactically~*~*~ (stealth).
  4016 | D:5      | 4016 ||| DROPPING +0 flail.
  4027 | D:5      | Reached skill level 6 in Axes
  4201 | D:5      | Reached skill level 6 in Shields
  4241 | D:5      | 4241 ||| Stepping ~*~*~tactically~*~*~ (stealth).
  4509 | D:5      | Reached skill level 1 in Dodging
  4578 | D:5      | 4578 ||| UPGRADING to amulet of guardian spirit.
  4583 | D:5      | 4583 ||| READING 3 scrolls labelled XUOKLE YJEWOX.
  4584 | D:5      | 4584 ||| DROPPING 2 scrolls of poison.
  4722 | D:6      | Identified the +8 dire flail of Zaby {heavy, rElec Will+
                  | Int-2 Dex+2}
  4724 | D:6      | Noticed qw's ghost (novice GrFi)
  4731 | D:6      | Found a runed translucent gate.
  4731 | D:6      | Found a runed translucent gate.
  4745 | D:6      | Reached XP level 8. HP: 48/48 MP: 8/8
  4788 | D:6      | 4788 ||| READING scroll of enchant weapon.
  4788 | D:6      | 4788 ||| ENCHANTING +1 war axe of venom.
  4834 | D:6      | Found Ithrulor's Jewellery Shoppe.
  4839 | D:6      | 4839 ||| SHOPLISTING +6 ring of strength (504 gold, have
                  | 218).
  4839 | D:6      | 4839 ||| SHOPLISTING amulet of regeneration (420 gold, have
                  | 218).
  4839 | D:6      | 4839 ||| SHOPLISTING ring of fire (350 gold, have 218).
  4839 | D:6      | 4839 ||| SHOPLISTING ring of positive energy (280 gold,
                  | have 218).
  4839 | D:6      | 4839 ||| SHOPLISTING ring of protection from cold (350
                  | gold, have 218).
  4839 | D:6      | 4839 ||| SHOPLISTING ring of protection from fire (350
                  | gold, have 218).
  4915 | D:6      | Found a runed translucent gate.
  5004 | D:6      | Reached skill level 7 in Axes
  5256 | D:6      | Found a staircase to the Ecumenical Temple.
  5257 | D:6      | 5257 ||| PLANNING TEMPLE
  5257 | D:6      | 5257 ||| READING scroll labelled JAPHEBYTAT.
  5266 | Temple   | Entered the Ecumenical Temple
  5267 | Temple   | 5267 ||| PLANNING OKAWARU WORSHIP
  5392 | Temple   | Became a worshipper of Warmaster Okawaru
  5392 | Temple   | 5392 ||| PLANNING D:1-11
  5393 | Temple   | 5393 ||| REMOVING amulet of guardian spirit.
  5398 | Temple   | 5398 ||| DROPPING amulet of guardian spirit.
  5650 | D:7      | Found Viot's Book Emporium.
  5681 | D:7      | 5681 ||| READING scroll of enchant weapon.
  5681 | D:7      | 5681 ||| ENCHANTING +2 war axe of venom.
  5752 | D:7      | Noticed a wyvern
  5759 | D:7      | Killed a wyvern
  5946 | D:7      | 5946 ||| FLEEEEING.
  5949 | D:7      | 5949 ||| FLEEEEING.
  5950 | D:7      | 5950 ||| FLEEEEING.
  6030 | D:7      | 6030 ||| FLEEEEING.
  6043 | D:7      | 6043 ||| Stepping ~*~*~tactically~*~*~ (stealth).
  6050 | D:7      | Reached * piety under Okawaru
  6096 | D:7      | Reached XP level 9. HP: 43/54 MP: 9/9
  6200 | D:7      | 6200 ||| INVOKING Heroism.
  6201 | D:7      | 6201 ||| INVOKING Heroism.
  6371 | D:7      | Found an ornate altar of the Wu Jian Council.
  6415 | D:7      | Noticed a moth of wrath
  6426 | D:7      | Noticed a cyan ugly thing
  6436 | D:7      | HP: 11/54 [cyan ugly thing (4)]
  6437 | D:7      | 6437 ||| READING 4 scrolls of teleportation.
  6606 | D:7      | Found a transporter.
  6610 | D:7      | Found a transporter.
  6616 | D:7      | Found a bloodstained altar of Trog.
  6616 | D:7      | Noticed qw's ghost (novice GrFi)
  6650 | D:7      | Killed a cyan ugly thing
  6651 | D:7      | Reached skill level 8 in Axes
  6751 | D:7      | Found a bloodstained altar of Trog.
  6783 | D:7      | 6783 ||| READING 5 scrolls of identify.
  6783 | D:7      | 6783 ||| IDENTIFYING pink potion
  6784 | D:7      | 6784 ||| DROPPING potion of invisibility.
  6982 | D:8      | Reached skill level 1 in Invocations
  6990 | D:8      | 6990 ||| DRINKING 3 potions of curing.
  6990 | D:8      | 6990 ||| (to cure confusion)
  6992 | D:8      | 6992 ||| INVOKING Heroism.
  7005 | D:8      | Reached ** piety under Okawaru
  7006 | D:8      | 7006 ||| INVOKING Heroism.
  7011 | D:8      | Reached skill level 6 in Fighting
  7014 | D:8      | Reached skill level 3 in Invocations
  7069 | D:8      | 7069 ||| FLEEEEING.
  7070 | D:8      | 7070 ||| FLEEEEING.
  7072 | D:8      | 7072 ||| STAIRDANCE
  7125 | D:8      | 7125 ||| STAIRDANCE
  7134 | D:7      | 7134 ||| INVOKING Heroism.
  7194 | D:8      | 7194 ||| Stepping ~*~*~tactically~*~*~ (stealth).
  7218 | D:8      | Found a snail-covered altar of Cheibriados.
  7234 | D:8      | Noticed Maurice
  7240 | D:8      | 7240 ||| INVOKING Heroism.
  7248 | D:8      | Killed Maurice
  7289 | D:8      | 7289 ||| INVOKING Heroism.
  7361 | D:8      | Noticed a manticore
  7362 | D:8      | 7362 ||| INVOKING Heroism.
  7373 | D:8      | Killed a manticore
  7374 | D:8      | Reached skill level 9 in Axes
  7374 | D:8      | Reached XP level 10. HP: 37/60 MP: 11/13
  7488 | D:8      | 7488 ||| INVOKING Heroism.
  7579 | D:8      | 7579 ||| INVOKING Heroism.
  7899 | D:8      | Found Keepuufo's Firing Range.
  8282 | D:8      | 8282 ||| UPGRADING to +0 cloak.
  8360 | D:9      | Found a staircase to the Lair.
  8366 | D:9      | Reached *** piety under Okawaru
  8422 | D:9      | 8422 ||| INVOKING Heroism.
  8467 | D:9      | 8467 ||| INVOKING Heroism.
  8471 | D:9      | Reached skill level 9 in Shields
  8729 | D:9      | 8729 ||| DROPPING +1 flail of holy wrath.
  8744 | D:9      | 8744 ||| INVOKING Heroism.
  8975 | D:9      | 8975 ||| INVOKING Heroism.
  8977 | D:9      | Reached skill level 10 in Axes
  8983 | D:9      | Reached **** piety under Okawaru
  8984 | D:9      | Reached XP level 11. HP: 28/68 MP: 12/14
  9172 | D:9      | 9172 ||| Stepping ~*~*~tactically~*~*~ (hiding).
  9178 | D:9      | 9178 ||| INVOKING Heroism.
  9363 | D:9      | Noticed a two-headed ogre
  9364 | D:9      | 9364 ||| INVOKING Heroism.
  9368 | D:9      | Killed a two-headed ogre
  9516 | D:9      | Found a basalt altar of Yredelemnul.
  9529 | D:9      | 9529 ||| READING 5 scrolls of identify.
  9529 | D:9      | 9529 ||| IDENTIFYING green potion
  9562 | D:10     | Entered Level 10 of the Dungeon
  9578 | D:10     | Found a shimmering altar of Xom.
  9579 | D:10     | 9579 ||| Stepping ~*~*~tactically~*~*~ (hiding).
  9583 | D:10     | Found a shimmering altar of Xom.
  9585 | D:10     | 9585 ||| FLEEEEING.
  9588 | D:10     | 9588 ||| FLEEEEING.
  9589 | D:10     | 9589 ||| FLEEEEING.
  9590 | D:10     | 9590 ||| FLEEEEING.
  9591 | D:10     | 9591 ||| FLEEEEING.
  9592 | D:10     | 9592 ||| FLEEEEING.
  9594 | D:10     | 9594 ||| FLEEEEING.
  9595 | D:10     | 9595 ||| STAIRDANCE
  9634 | D:10     | 9634 ||| INVOKING Heroism.
  9676 | D:10     | 9676 ||| DROPPING +2 flail.
  9715 | D:10     | 9715 ||| UPGRADING to +0 plate armour.
  9725 | D:10     | 9725 ||| DROPPING +0 chain mail.
  9813 | D:10     | 9813 ||| INVOKING Heroism.
  9861 | D:10     | 9861 ||| SWAPPING to +0 broad axe of electrocution.
  9862 | D:10     | 9862 ||| DROPPING +3 war axe of venom.
  9878 | D:10     | Found a shimmering altar of Xom.
  9878 | D:10     | Found a shimmering altar of Xom.
  9878 | D:10     | Found a shimmering altar of Xom.
  9879 | D:10     | Found a shimmering altar of Xom.
  9908 | D:10     | 9908 ||| READING 5 scrolls of identify.
  9908 | D:10     | 9908 ||| IDENTIFYING murky orange potion
  9921 | D:9      | 9921 ||| PLANNING LAIR
  9949 | D:10     | Found a shimmering altar of Xom.
  9982 | Lair:1   | Entered Level 1 of the Lair of Beasts
  9986 | Lair:1   | 9986 ||| STAIRDANCE
  9989 | D:9      | 9989 ||| INVOKING Heroism.
  9996 | D:9      | Reached skill level 6 in Armour
 10145 | Lair:1   | 10145 ||| INVOKING Heroism.
 10182 | Lair:1   | 10182 ||| INVOKING Heroism.
 10216 | Lair:1   | Received a gift from Okawaru
 10217 | Lair:1   | Reached skill level 6 in Invocations
 10246 | Lair:1   | Noticed a five-headed hydra
 10247 | Lair:1   | 10247 ||| INVOKING Heroism.
 10248 | Lair:1   | 10248 ||| SWAPPING to +2 hand axe of flaming.
 10249 | Lair:1   | 10249 ||| Stepping ~*~*~tactically~*~*~ (water).
 10254 | Lair:1   | Killed a one-headed hydra
 10255 | Lair:1   | 10255 ||| SWAPPING to +0 broad axe of electrocution.
 10396 | Lair:1   | 10396 ||| Stepping ~*~*~tactically~*~*~ (hiding).
 10460 | Lair:1   | 10460 ||| INVOKING Heroism.
 10476 | Lair:1   | Reached ***** piety under Okawaru
 10477 | Lair:1   | Reached skill level 11 in Axes
 10534 | Lair:1   | Identified the staff of poison "Nykhly" {rPois rF+}
 10565 | Lair:1   | Found a frozen archway.
 10624 | Lair:1   | Noticed a four-headed hydra
 10625 | Lair:1   | 10625 ||| INVOKING Heroism.
 10626 | Lair:1   | 10626 ||| INVOKING Finesse.
 10631 | Lair:1   | 10631 ||| SWAPPING to +2 hand axe of flaming.
 10632 | Lair:1   | Killed a three-headed hydra
 10632 | Lair:1   | Received a gift from Okawaru
 10633 | Lair:1   | Reached XP level 12. HP: 73/73 MP: 9/17
 10633 | Lair:1   | 10633 ||| SWAPPING to +0 broad axe of electrocution.
 10948 | Lair:1   | Noticed a catoblepas
 10949 | Lair:1   | 10949 ||| INVOKING Heroism.
 10950 | Lair:1   | 10950 ||| INVOKING Finesse.
 10962 | Lair:1   | Killed a catoblepas
 11365 | Lair:1   | 11365 ||| Stepping ~*~*~tactically~*~*~ (stealth).
 11369 | Lair:1   | 11369 ||| INVOKING Heroism.
 11417 | Lair:1   | 11417 ||| INVOKING Heroism.
 11417 | Lair:1   | Noticed a skyshark
 11418 | Lair:1   | 11418 ||| Stepping ~*~*~tactically~*~*~ (stealth).
 11443 | Lair:1   | Killed a skyshark
 11443 | Lair:1   | Received a gift from Okawaru
 11525 | Lair:1   | 11525 ||| INVOKING Heroism.
 11535 | Lair:1   | Reached skill level 9 in Invocations
 11736 | Lair:1   | 11736 ||| UPGRADING to +0 helmet.
 11741 | Lair:1   | 11741 ||| READING 6 scrolls of identify.
 11741 | Lair:1   | 11741 ||| IDENTIFYING purple potion
 11742 | Lair:1   | 11742 ||| DROPPING potion of flight.
 11765 | Lair:2   | 11765 ||| INVOKING Heroism.
 11786 | Lair:2   | HP: 17/75 [water moccasin (3)]
 11787 | Lair:2   | 11787 ||| READING 4 scrolls of teleportation.
 11788 | Lair:2   | 11788 ||| DRINKING potion of heal wounds.
 11952 | Lair:2   | Noticed a six-headed hydra
 11953 | Lair:2   | 11953 ||| INVOKING Heroism.
 11954 | Lair:2   | 11954 ||| INVOKING Finesse.
 11955 | Lair:2   | 11955 ||| INVOKING Finesse.
 11958 | Lair:2   | 11958 ||| SWAPPING to +2 hand axe of flaming.
 11964 | Lair:2   | Killed a two-headed hydra
 11965 | Lair:2   | 11965 ||| SWAPPING to +0 broad axe of electrocution.
 11998 | Lair:2   | 11998 ||| Stepping ~*~*~tactically~*~*~ (stealth).
 12002 | Lair:2   | 12002 ||| Stepping ~*~*~tactically~*~*~ (stealth).
 12049 | Lair:2   | 12049 ||| INVOKING Heroism.
 12229 | Lair:2   | 12229 ||| INVOKING Heroism.
 12239 | Lair:2   | Reached skill level 9 in Fighting
 12329 | Lair:2   | 12329 ||| Stepping ~*~*~tactically~*~*~ (stealth).
 12332 | Lair:2   | 12332 ||| Stepping ~*~*~tactically~*~*~ (stealth).
 12441 | Lair:2   | 12441 ||| Stepping ~*~*~tactically~*~*~ (stealth).
 12445 | Lair:2   | 12445 ||| Stepping ~*~*~tactically~*~*~ (stealth).
 12465 | Lair:2   | 12465 ||| INVOKING Heroism.
 13083 | Lair:2   | 13083 ||| READING scroll labelled ODALIO JIOVE.
 13156 | Lair:3   | Noticed Amaemon
 13158 | Lair:3   | 13158 ||| Stepping ~*~*~tactically~*~*~ (hiding).
 13163 | Lair:3   | 13163 ||| INVOKING Heroism.
 13175 | Lair:3   | Killed Amaemon
 13176 | Lair:3   | Reached skill level 12 in Axes
 13282 | Lair:3   | Noticed Nessos
 13283 | Lair:3   | 13283 ||| INVOKING Finesse.
 13293 | Lair:3   | 13293 ||| Stepping ~*~*~tactically~*~*~ (hiding).
 13308 | Lair:3   | 13308 ||| INVOKING Heroism.
 13319 | Lair:3   | Killed Nessos
 13322 | Lair:3   | 13322 ||| Stepping ~*~*~tactically~*~*~ (hiding).
 13356 | Lair:3   | 13356 ||| INVOKING Heroism.
 13365 | Lair:3   | Received a gift from Okawaru
 13366 | Lair:3   | Reached skill level 9 in Armour
 13366 | Lair:3   | Reached XP level 13. HP: 29/80 MP: 17/20
 13366 | Lair:3   | 13366 ||| FLEEEEING.
 13367 | Lair:3   | 13367 ||| FLEEEEING.
 13368 | Lair:3   | 13368 ||| FLEEEEING.
 13378 | Lair:3   | HP: 11/80 [rime drake/icy flash freeze (14)]
 13379 | Lair:3   | 13379 ||| READING 3 scrolls of teleportation.
 13382 | Lair:3   | Found a staircase to the Shoals.
 13383 | Lair:3   | 13383 ||| READING 2 scrolls of teleportation.
 13387 | Lair:3   | 13387 ||| READING scroll of teleportation.
 13624 | Lair:3   | Found a staircase to the Snake Pit.
 13629 | Lair:3   | 13629 ||| Stepping ~*~*~tactically~*~*~ (hiding).
 13639 | Lair:3   | Received a gift from Okawaru
 13666 | Lair:3   | 13666 ||| INVOKING Heroism.
 13679 | Lair:3   | 13679 ||| Stepping ~*~*~tactically~*~*~ (stealth).
 13682 | Lair:3   | 13682 ||| Stepping ~*~*~tactically~*~*~ (stealth).
 13683 | Lair:3   | 13683 ||| Stepping ~*~*~tactically~*~*~ (stealth).
 13703 | Lair:3   | 13703 ||| Stepping ~*~*~tactically~*~*~ (hiding).
 13704 | Lair:3   | 13704 ||| Stepping ~*~*~tactically~*~*~ (hiding).
 13705 | Lair:3   | 13705 ||| Stepping ~*~*~tactically~*~*~ (hiding).
 13706 | Lair:3   | 13706 ||| Stepping ~*~*~tactically~*~*~ (hiding).
 13823 | Lair:3   | 13823 ||| Stepping ~*~*~tactically~*~*~ (stealth).
 13833 | Lair:3   | 13833 ||| INVOKING Heroism.
 13941 | Lair:3   | 13941 ||| READING scroll of brand weapon.
 13941 | Lair:3   | 13941 ||| BRANDING +0 broad axe of electrocution.
 14227 | Lair:3   | 14227 ||| INVOKING Heroism.
 14469 | Lair:4   | 14469 ||| STAIRDANCE
 14474 | Lair:3   | 14474 ||| INVOKING Heroism.
 14563 | Lair:4   | 14563 ||| Stepping ~*~*~tactically~*~*~ (stealth).
 14564 | Lair:4   | 14564 ||| Stepping ~*~*~tactically~*~*~ (stealth).
 14573 | Lair:4   | 14573 ||| Stepping ~*~*~tactically~*~*~ (stealth).
 14601 | Lair:4   | 14601 ||| INVOKING Heroism.
 14607 | Lair:4   | 14607 ||| SWAPPING to +2 hand axe of flaming.
 14611 | Lair:4   | 14611 ||| SWAPPING to +0 broad axe of draining.
 14639 | Lair:4   | Found an ornate altar of the Wu Jian Council.
 14642 | Lair:4   | 14642 ||| INVOKING Heroism.
 14682 | Lair:4   | Found a hide-covered altar of Uskayaw.
 14832 | Lair:4   | 14832 ||| FLEEEEING.
 14833 | Lair:4   | 14833 ||| FLEEEEING.
 14834 | Lair:4   | 14834 ||| FLEEEEING.
 14835 | Lair:4   | 14835 ||| FLEEEEING.
 14836 | Lair:4   | 14836 ||| FLEEEEING.
 14837 | Lair:4   | 14837 ||| FLEEEEING.
 14838 | Lair:4   | 14838 ||| FLEEEEING.
 14839 | Lair:4   | 14839 ||| FLEEEEING.
 14840 | Lair:4   | 14840 ||| FLEEEEING.
 14841 | Lair:4   | 14841 ||| FLEEEEING.
 14842 | Lair:4   | 14842 ||| FLEEEEING.
 14843 | Lair:4   | 14843 ||| FLEEEEING.
 14844 | Lair:4   | 14844 ||| STAIRDANCE
 14946 | Lair:3   | 14946 ||| READING scroll labelled ELABOC APOREHAX.
 14946 | Lair:3   | Identified a scroll of acquirement
 14946 | Lair:3   | 14946 ||| ACQUIRING +1 pair of boots of flying
 14946 | Lair:3   | Acquired a +1 pair of boots of flying
 14948 | Lair:3   | 14948 ||| UPGRADING to +1 pair of boots of flying.
 14955 | Lair:4   | 14955 ||| STAIRDANCE
 14957 | Lair:3   | 14957 ||| INVOKING Heroism.
 14958 | Lair:3   | 14958 ||| SWAPPING to +2 hand axe of flaming.
 14964 | Lair:3   | HP: 18/82 [three-headed hydra (11)]
 14965 | Lair:3   | 14965 ||| DRINKING 2 potions of heal wounds.
 14968 | Lair:3   | 14968 ||| SWAPPING to +0 broad axe of draining.
 15106 | Lair:4   | 15106 ||| INVOKING Heroism.
 15290 | Lair:4   | 15290 ||| INVOKING Heroism.
 15307 | Lair:4   | Reached skill level 13 in Axes
 15307 | Lair:4   | 15307 ||| INVOKING Finesse.
 15530 | Lair:4   | Identified the +5 ring mail of the Cicada {Rampage Str-3
                  | Slay+2}
 15588 | Lair:4   | 15588 ||| READING scroll of brand weapon.
 15588 | Lair:4   | 15588 ||| BRANDING +0 broad axe of draining.
 15694 | Lair:4   | 15694 ||| READING scroll of enchant armour.
 15694 | Lair:4   | 15694 ||| ENCHANTING +1 pair of gloves.
 15836 | Lair:4   | 15836 ||| DROPPING ring of willpower.
 15837 | Lair:4   | 15837 ||| UPGRADING to +6 ring of strength.
 15870 | Lair:5   | Entered Level 5 of the Lair of Beasts
 15871 | Lair:5   | 15871 ||| INVOKING Heroism.
 15905 | Lair:5   | Received a gift from Okawaru
 15914 | Lair:5   | 15914 ||| INVOKING Finesse.
 15927 | Lair:5   | 15927 ||| SWAPPING to +2 hand axe of flaming.
 15931 | Lair:5   | Gained mutation: Your large and strong wings let you fly.
                  | [Gargoyle growth]
 15931 | Lair:5   | Reached XP level 14. HP: 86/88 MP: 16/21
 15935 | Lair:5   | 15935 ||| SWAPPING to +0 vampiric broad axe.
 15955 | Lair:5   | 15955 ||| Stepping ~*~*~tactically~*~*~ (stealth).
 15970 | Lair:5   | 15970 ||| Stepping ~*~*~tactically~*~*~ (stealth).
 15981 | Lair:5   | 15981 ||| Stepping ~*~*~tactically~*~*~ (stealth).
 15998 | Lair:5   | 15998 ||| INVOKING Heroism.
 16023 | Lair:5   | Reached skill level 14 in Axes
 16126 | Lair:5   | 16126 ||| Stepping ~*~*~tactically~*~*~ (stealth).
 16128 | Lair:5   | 16128 ||| Stepping ~*~*~tactically~*~*~ (stealth).
 16145 | Lair:5   | Noticed Snorg
 16146 | Lair:5   | 16146 ||| INVOKING Heroism.
 16147 | Lair:5   | 16147 ||| INVOKING Finesse.
 16177 | Lair:5   | Killed Snorg
 16221 | Lair:5   | 16221 ||| Stepping ~*~*~tactically~*~*~ (stealth).
 16223 | Lair:5   | 16223 ||| Stepping ~*~*~tactically~*~*~ (stealth).
 16237 | Lair:5   | 16237 ||| Stepping ~*~*~tactically~*~*~ (stealth).
 16277 | Lair:5   | Found a viscous altar of Jiyva.
 16278 | Lair:5   | Found a staircase to the Slime Pits.
 16442 | Lair:5   | Identified the +0 pair of boots "Pahomij" {Regen+}
 16468 | Lair:5   | Received a gift from Okawaru
 16478 | Lair:5   | 16478 ||| Stepping ~*~*~tactically~*~*~ (stealth).
 16569 | Lair:5   | 16569 ||| INVOKING Heroism.
 16570 | Lair:5   | 16570 ||| INVOKING Finesse.
 16574 | Lair:5   | 16574 ||| Stepping ~*~*~tactically~*~*~ (stealth).
 16577 | Lair:5   | 16577 ||| SWAPPING to +2 hand axe of flaming.
 16580 | Lair:5   | 16580 ||| SWAPPING to +0 vampiric broad axe.
 16653 | Lair:5   | 16653 ||| Stepping ~*~*~tactically~*~*~ (stealth).
 16656 | Lair:5   | Reached skill level 12 in Shields
 16690 | Lair:5   | Received a gift from Okawaru
 16744 | Lair:5   | 16744 ||| INVOKING Heroism.
 16746 | Lair:5   | 16746 ||| INVOKING Finesse.
 16747 | Lair:5   | 16747 ||| SWAPPING to +2 hand axe of flaming.
 16757 | Lair:5   | 16757 ||| SWAPPING to +0 vampiric broad axe.
 16810 | Lair:5   | 16810 ||| INVOKING Heroism.
 16814 | Lair:5   | 16814 ||| SWAPPING to +2 hand axe of flaming.
 16819 | Lair:5   | 16819 ||| SWAPPING to +0 vampiric broad axe.
 16839 | Lair:5   | 16839 ||| Stepping ~*~*~tactically~*~*~ (stealth).
 16841 | Lair:5   | 16841 ||| INVOKING Heroism.
 16844 | Lair:5   | 16844 ||| SWAPPING to +2 hand axe of flaming.
 16851 | Lair:5   | 16851 ||| SWAPPING to +0 vampiric broad axe.
 17000 | Lair:5   | Noticed a dire elephant
 17000 | Lair:5   | Noticed a dire elephant
 17006 | Lair:5   | 17006 ||| INVOKING Heroism.
 17072 | Lair:5   | 17072 ||| INVOKING Heroism.
 17098 | Lair:5   | Killed a dire elephant
 17111 | Lair:5   | Killed a dire elephant
 17178 | Lair:5   | Reached skill level 6 in Throwing
 17222 | Lair:5   | 17222 ||| INVOKING Heroism.
 17247 | Lair:5   | 17247 ||| INVOKING Heroism.
 17296 | Lair:5   | 17296 ||| INVOKING Heroism.
 17338 | Lair:5   | 17338 ||| INVOKING Heroism.
 17351 | Lair:5   | 17351 ||| UPGRADING to +0 pair of boots "Pahomij" {Regen+}.
 17353 | Lair:5   | 17353 ||| UPGRADING to +0 pair of boots "Pahomij" {Regen+}.
 17354 | Lair:5   | 17354 ||| UPGRADING to +0 pair of boots "Pahomij" {Regen+}.
 17356 | Lair:5   | 17356 ||| UPGRADING to +0 pair of boots "Pahomij" {Regen+}.
 17357 | Lair:5   | 17357 ||| DROPPING ring of wizardry.
 17366 | Lair:5   | 17366 ||| Waiting to end mesmerise (stuck).
 17379 | Lair:5   | HP: 21/90 [chaos spawn[an obsidian statue] (8)]
 17380 | Lair:5   | 17380 ||| READING scroll of teleportation.
 17381 | Lair:5   | 17381 ||| DRINKING potion of heal wounds.
 17382 | Lair:5   | 17382 ||| INVOKING Heroism.
 17956 | Lair:5   | 17956 ||| Stepping ~*~*~tactically~*~*~ (stealth).
 17983 | Lair:5   | 17983 ||| UPGRADING to +0 pair of boots "Pahomij" {Regen+}.
 17993 | Lair:5   | 17993 ||| DROPPING +1 pair of boots of flying.
 17994 | Lair:5   | 17994 ||| DROPPING scarf of harm.
 17997 | Lair:5   | 17997 ||| Stepping ~*~*~tactically~*~*~ (stealth).
 18033 | Lair:5   | 18033 ||| Stepping ~*~*~tactically~*~*~ (stealth).
 18034 | Lair:5   | 18034 ||| Stepping ~*~*~tactically~*~*~ (stealth).
 18035 | Lair:5   | 18035 ||| Stepping ~*~*~tactically~*~*~ (stealth).
 18044 | Lair:5   | 18044 ||| INVOKING Heroism.
 18063 | Lair:5   | Reached skill level 15 in Axes
 18090 | Lair:5   | Reached XP level 15. HP: 94/94 MP: 22/22
 18110 | Lair:5   | 18110 ||| READING scroll of enchant armour.
 18110 | Lair:5   | 18110 ||| ENCHANTING +0 helmet.
 18183 | Lair:5   | 18183 ||| PLANNING D:1-11
 18190 | Lair:5   | 18190 ||| Stepping ~*~*~tactically~*~*~ (stealth).
 18191 | Lair:5   | 18191 ||| Stepping ~*~*~tactically~*~*~ (stealth).
 18432 | D:10     | Found a staircase to the Orcish Mines.
 18490 | D:10     | Noticed Nergalle
 18491 | D:10     | 18491 ||| Stepping ~*~*~tactically~*~*~ (hiding).
 18511 | D:10     | Killed Nergalle
 18512 | D:10     | Reached skill level 3 in Dodging
 18671 | D:10     | 18671 ||| Stepping ~*~*~tactically~*~*~ (hiding).
 18698 | D:10     | Found a blossoming altar of Fedhas.
 18825 | D:11     | 18825 ||| INVOKING Heroism.
 18911 | D:11     | 18911 ||| Stepping ~*~*~tactically~*~*~ (hiding).
 18912 | D:11     | 18912 ||| Stepping ~*~*~tactically~*~*~ (hiding).
 19458 | D:11     | 19458 ||| PLANNING D
 19458 | D:11     | 19458 ||| UPGRADING to +0 gold dragon scales.
 19468 | D:11     | 19468 ||| DROPPING +0 plate armour.
 19469 | D:11     | 19469 ||| UPGRADING to amulet of the acrobat.
 19488 | D:12     | 19488 ||| Stepping ~*~*~tactically~*~*~ (hiding).
 19491 | D:12     | 19491 ||| Stepping ~*~*~tactically~*~*~ (hiding).
 19498 | D:12     | 19498 ||| Stepping ~*~*~tactically~*~*~ (hiding).
 19608 | D:12     | 19608 ||| Stepping ~*~*~tactically~*~*~ (stealth).
 19840 | D:12     | 19840 ||| Stepping ~*~*~tactically~*~*~ (hiding).
 19842 | D:12     | 19842 ||| Stepping ~*~*~tactically~*~*~ (hiding).
 20321 | D:12     | 20321 ||| DROPPING +6 ring of intelligence.
 20322 | D:12     | 20322 ||| DRINKING 2 ruby potions.
 20334 | D:13     | Found Nownaxi's Jewellery Shop.
 20337 | D:13     | 20337 ||| BUYING +4 ring of protection (396 gold).
 20337 | D:13     | Bought a +4 ring of protection for 396 gold pieces
 20337 | D:13     | 20337 ||| BUYING +5 ring of evasion (396 gold).
 20337 | D:13     | Bought a +5 ring of evasion for 396 gold pieces
 20337 | D:13     | 20337 ||| BUYING amulet of regeneration (330 gold).
 20337 | D:13     | Bought an amulet of regeneration for 330 gold pieces
 20337 | D:13     | 20337 ||| SHOPLISTING ring of fire (275 gold, have 17).
 20337 | D:13     | 20337 ||| SHOPLISTING ring of protection from cold (275
                  | gold, have 17).
 20363 | D:13     | 20363 ||| Stepping ~*~*~tactically~*~*~ (hiding).
 20365 | D:13     | 20365 ||| Stepping ~*~*~tactically~*~*~ (hiding).
 20385 | D:13     | Reached skill level 12 in Armour
 20421 | D:13     | 20421 ||| Stepping ~*~*~tactically~*~*~ (hiding).
 20432 | D:13     | 20432 ||| Stepping ~*~*~tactically~*~*~ (hiding).
 20832 | D:13     | Received a gift from Okawaru
 20891 | D:13     | 20891 ||| Stepping ~*~*~tactically~*~*~ (hiding).
 20892 | D:13     | 20892 ||| Stepping ~*~*~tactically~*~*~ (hiding).
 20893 | D:13     | 20893 ||| Stepping ~*~*~tactically~*~*~ (hiding).
 20936 | D:13     | 20936 ||| INVOKING Heroism.
 21174 | D:13     | Found a gate to the Vaults.
 21216 | D:13     | Reached skill level 12 in Fighting
 21255 | D:13     | 21255 ||| Stepping ~*~*~tactically~*~*~ (hiding).
 21256 | D:13     | 21256 ||| Stepping ~*~*~tactically~*~*~ (hiding).
 21602 | D:13     | 21602 ||| Stepping ~*~*~tactically~*~*~ (hiding).
 21622 | D:13     | 21622 ||| Stepping ~*~*~tactically~*~*~ (hiding).
 21727 | D:13     | 21727 ||| Stepping ~*~*~tactically~*~*~ (hiding).
 21729 | D:13     | 21729 ||| Stepping ~*~*~tactically~*~*~ (hiding).
 21791 | D:13     | 21791 ||| UPGRADING to amulet of regeneration.
 21801 | D:13     | 21801 ||| DROPPING amulet of the acrobat.
 21802 | D:13     | 21802 ||| UPGRADING to amulet of faith.
 21812 | D:13     | 21812 ||| UPGRADING to +4 ring of protection.
 21814 | D:13     | 21814 ||| DROPPING ring of willpower.
 21815 | D:13     | 21815 ||| UPGRADING to +5 ring of evasion.
 21817 | D:13     | 21817 ||| DROPPING +6 ring of strength.
 21818 | D:13     | 21818 ||| DROPPING ring of see invisible.
 21819 | D:13     | 21819 ||| READING scroll labelled WOEDEQULAU.
 21920 | D:13     | 21920 ||| READING scroll labelled PACSETOYSU.
 21987 | D:14     | 21987 ||| INVOKING Heroism.
 21989 | D:14     | 21989 ||| INVOKING Finesse.
 21990 | D:14     | 21990 ||| SWAPPING to +2 hand axe of flaming.
 21997 | D:14     | 21997 ||| SWAPPING to +0 vampiric broad axe.
 22282 | D:14     | Received a gift from Okawaru
 22299 | D:14     | 22299 ||| Stepping ~*~*~tactically~*~*~ (stealth).
 22585 | D:15     | Entered Level 15 of the Dungeon
 22585 | D:15     | Noticed Kirke
 22586 | D:15     | 22586 ||| INVOKING Heroism.
 22587 | D:15     | 22587 ||| INVOKING Finesse.
 22594 | D:15     | 22594 ||| STAIRDANCE
 22596 | D:14     | 22596 ||| DRINKING 2 potions of cancellation.
 22597 | D:14     | Killed Kirke
 22664 | D:15     | Noticed Rupert
 22665 | D:15     | 22665 ||| INVOKING Heroism.
 22666 | D:15     | 22666 ||| INVOKING Finesse.
 22678 | D:15     | 22678 ||| DRINKING 6 potions of curing.
 22678 | D:15     | 22678 ||| (to cure confusion)
 22697 | D:15     | Killed Rupert
 22697 | D:15     | Received a gift from Okawaru
 22698 | D:15     | Reached skill level 16 in Axes
 22707 | D:15     | 22707 ||| Stepping ~*~*~tactically~*~*~ (stealth).
 22709 | D:15     | 22709 ||| Stepping ~*~*~tactically~*~*~ (stealth).
 22865 | D:15     | Identified the +3 hand axe of Subterfuge {freeze, Stlth+}
                  | (Okawaru gifted it to you on level 15 of the Dungeon)
 22865 | D:15     | Received a gift from Okawaru
 22952 | D:15     | Noticed Louise
 22953 | D:15     | 22953 ||| INVOKING Heroism.
 22954 | D:15     | 22954 ||| INVOKING Finesse.
 22978 | D:15     | Killed Louise
 23097 | D:15     | 23097 ||| Stepping ~*~*~tactically~*~*~ (hiding).
 23098 | D:15     | 23098 ||| Stepping ~*~*~tactically~*~*~ (hiding).
 23105 | D:15     | 23105 ||| Stepping ~*~*~tactically~*~*~ (hiding).
 23113 | D:15     | Reached XP level 16. HP: 101/101 MP: 23/23
 23205 | D:15     | 23205 ||| INVOKING Heroism.
 23220 | D:15     | 23220 ||| Stepping ~*~*~tactically~*~*~ (hiding).
 23223 | D:15     | 23223 ||| DRINKING 5 potions of curing.
 23223 | D:15     | 23223 ||| (to cure confusion)
 23245 | D:15     | Found a staircase to the Depths.
 23515 | D:15     | 23515 ||| PLANNING ORC
 23515 | D:15     | 23515 ||| UPGRADING to +0 tower shield.
 23525 | D:15     | 23525 ||| DROPPING +0 kite shield.
 23526 | D:15     | 23526 ||| DROPPING +1 hat.
 23672 | Orc:1    | Entered Level 1 of the Orcish Mines
 23683 | Orc:1    | 23683 ||| Stepping ~*~*~tactically~*~*~ (hiding).
 23684 | Orc:1    | 23684 ||| Stepping ~*~*~tactically~*~*~ (hiding).
 23685 | Orc:1    | 23685 ||| Stepping ~*~*~tactically~*~*~ (hiding).
 23686 | Orc:1    | 23686 ||| Stepping ~*~*~tactically~*~*~ (hiding).
 23687 | Orc:1    | 23687 ||| Stepping ~*~*~tactically~*~*~ (hiding).
 23691 | Orc:1    | 23691 ||| Stepping ~*~*~tactically~*~*~ (stealth).
 23778 | Orc:1    | Received a gift from Okawaru
 23817 | Orc:1    | 23817 ||| Stepping ~*~*~tactically~*~*~ (hiding).
 23959 | Orc:1    | 23959 ||| Stepping ~*~*~tactically~*~*~ (stealth).
 24095 | Orc:1    | 24095 ||| Stepping ~*~*~tactically~*~*~ (stealth).
 24099 | Orc:1    | 24099 ||| INVOKING Heroism.
 24172 | Orc:2    | Entered Level 2 of the Orcish Mines
 24257 | Orc:2    | 24257 ||| INVOKING Heroism.
 24270 | Orc:2    | Received a gift from Okawaru
 24273 | Orc:2    | Found a staircase to the Elven Halls.
 24285 | Orc:1    | Found Zysyn's Book Emporium.
 24409 | Orc:2    | Found Ylemeg's CLEARANCE SALE!.
 24418 | Orc:2    | 24418 ||| BUYING potion of curing (15 gold).
 24418 | Orc:2    | Bought a potion of curing for 15 gold pieces
 24418 | Orc:2    | 24418 ||| BUYING potion of magic (40 gold).
 24418 | Orc:2    | Bought a potion of magic for 40 gold pieces
 24431 | Orc:2    | 24431 ||| INVOKING Heroism.
 24496 | Orc:2    | 24496 ||| Stepping ~*~*~tactically~*~*~ (hiding).
 24524 | Orc:2    | Found Yfyzyude's Jewellery Emporium.
 24532 | Orc:2    | 24532 ||| BUYING ring of resist corrosion (300 gold).
 24532 | Orc:2    | Bought a ring of resist corrosion for 300 gold pieces
 24662 | Orc:2    | 24662 ||| Stepping ~*~*~tactically~*~*~ (hiding).
 24668 | Orc:2    | 24668 ||| INVOKING Heroism.
 24671 | Orc:2    | 24671 ||| Stepping ~*~*~tactically~*~*~ (hiding).
 24771 | Orc:2    | Found Gumazy's Antique Weapon Shoppe.
 24773 | Orc:2    | Found Cetuo's Antique Armour Emporium.
 24786 | Orc:2    | 24786 ||| BUYING glowing plate armour (624 gold).
 24786 | Orc:2    | Bought a glowing plate armour for 624 gold pieces
 24786 | Orc:2    | 24786 ||| SHOPLISTING pair of glowing gloves (180 gold,
                  | have 6).
 24855 | Orc:2    | 24855 ||| FLEEEEING.
 24856 | Orc:2    | 24856 ||| FLEEEEING.
 24857 | Orc:2    | 24857 ||| FLEEEEING.
 24860 | Orc:2    | 24860 ||| FLEEEEING.
 24861 | Orc:2    | 24861 ||| FLEEEEING.
 24862 | Orc:2    | 24862 ||| FLEEEEING.
 24863 | Orc:2    | 24863 ||| FLEEEEING.
 24864 | Orc:2    | 24864 ||| FLEEEEING.
 24865 | Orc:2    | 24865 ||| FLEEEEING.
 24866 | Orc:2    | 24866 ||| FLEEEEING.
 24867 | Orc:2    | 24867 ||| FLEEEEING.
 24868 | Orc:2    | 24868 ||| FLEEEEING.
 24869 | Orc:2    | 24869 ||| FLEEEEING.
 24880 | Orc:2    | 24880 ||| INVOKING Heroism.
 24883 | Orc:2    | Noticed Jorgrun
 24906 | Orc:2    | Killed Jorgrun
 24930 | Orc:2    | 24930 ||| Stepping ~*~*~tactically~*~*~ (hiding).
 24932 | Orc:2    | 24932 ||| Stepping ~*~*~tactically~*~*~ (hiding).
 24951 | Orc:2    | 24951 ||| Stepping ~*~*~tactically~*~*~ (hiding).
 25101 | Orc:2    | Found Wiloqof's Jewellery Emporium.
 25109 | Orc:2    | 25109 ||| SHOPLISTING amulet of reflection (450 gold, have
                  | 120).
 25224 | Orc:2    | 25224 ||| PLANNING SNAKE:1-3
 25413 | Snake:1  | Entered Level 1 of the Snake Pit
 25415 | Snake:1  | 25415 ||| INVOKING Heroism.
 25432 | Snake:1  | 25432 ||| INVOKING Heroism.
 25487 | Snake:1  | 25487 ||| Stepping ~*~*~tactically~*~*~ (hiding).
 25488 | Snake:1  | 25488 ||| Stepping ~*~*~tactically~*~*~ (hiding).
 25778 | Snake:1  | 25778 ||| Stepping ~*~*~tactically~*~*~ (stealth).
 25799 | Snake:1  | Received a gift from Okawaru
 25888 | Snake:1  | 25888 ||| INVOKING Heroism.
 25918 | Snake:1  | Reached skill level 15 in Shields
 26072 | Snake:1  | Identified the +0 leather armour "Imuzolli" {Dex+2 Slay+3}
 26088 | Snake:1  | Noticed Donald
 26089 | Snake:1  | 26089 ||| INVOKING Heroism.
 26090 | Snake:1  | 26090 ||| INVOKING Finesse.
 26091 | Snake:1  | Noticed Frances
 26108 | Snake:1  | HP: 23/101 [Frances/shard of ice (23)]
 26109 | Snake:1  | 26109 ||| READING 3 scrolls of teleportation.
 26109 | Snake:1  | Slain by Donald

Levels and vault maps discovered:
D:1:      saegor_arrival_fortress, layout_rooms, hangedman_abyss_or_decor_stabs
D:2:      layout_rooms, serial_shops, nicolae_shop_tiny_statue_garden,
          nicolae_diamond_shop, shop, shapermc_ecumenical_altar_gd, uniq_terence
D:3:      layout_loops_corners, uniq_jessica
D:4:      layout_loops_ring, kennysheep_mini_moat,
          nicolae_qazlal_eye_of_the_storm
D:5:      layout_basic, portal_sewer_entry_e
D:6:      layout_basic, minmay_temple_entry_grid, gammafunk_ghost_split,
          serial_shops, nicolae_shop_pleasant_corner_grove
D:7:      layout_loops_ring, mainiacjoe_overflow_alcove_2,
          mainiacjoe_overflow_alcove_4, serial_shops, shop,
          gammafunk_ghost_wrathful_warriors, minmay_misc_feat_plants,
          nicolae_lava_and_water, minmay_strange_pillars, serial_bayou_ford_a,
          hangedman_decor_push
D:8:      layout_basic, cheibriados_altar_1, serial_rivers,
          chequers_serial_rivers_large_b, chequers_serial_rivers_room_a,
          chequers_serial_rivers_micro_a, chequers_serial_rivers_large_a,
          nicolae_shop_firing_range, uniq_maurice
D:9:      layout_irregular_city, nicolae_overflow_hidden_temple,
          hellmonk_lair_entry_icy, serial_glass, glass_columns_b,
          glass_columns_a
D:10:     layout_basic, xom_redecorated, lemuel_coloured_pillars_altar,
          orc_0_dummy, uniq_nergalle
D:11:     layout_cave_pools, serial_rivers, chequers_serial_rivers_small_b,
          chequers_serial_rivers_room_b, chequers_serial_rivers_marsh,
          chequers_serial_rivers_micro_b, chequers_serial_rivers_micro_e,
          chequers_serial_rivers_micro_e
D:12:     layout_basic
D:13:     layout_layer_cave, grunt_vaults_entry_fortified,
          minmay_misc_feat_tower, nicolae_stop_n_shop_2
D:14:     layout_roguey, wad_floor_pattern_2
D:15:     gammafunk_enter_depths_forms, layout_irregular_city, uniq_kirke,
          uniq_louise, uniq_rupert
Temple:   nicolae_temple_two_arcs
Lair:1:   cheibrodos_lair_river_kwai, layout_long_grid,
          portal_ice_cave_entry_pillars_1, nzn_random_ring
Lair:2:   layout_loops_ring
Lair:3:   layout_loops_ring, minmay_shoals_entry_centaurs,
          minmay_snake_entry_spellcaster, serial_forest,
          infiniplex_forest_end_1, infiniplex_forest_straight_2,
          infiniplex_forest_clump_medium, infiniplex_forest_clump_double,
          infiniplex_forest_end_2, infiniplex_forest_lined_room_2,
          infiniplex_forest_clump_double, uniq_amaemon, uniq_nessos
Lair:4:   layout_gridlike, serial_bayou_pond_d, nzn_masters_of_martial_movement
Lair:5:   due_jungle_book, layout_cave_pods, slime_entry_1,
          chequers_serial_rivers_micro_e, grunt_forest_large_clearings,
          uniq_snorg
Snake:1:  layout_layer_cave, st_stairs_13, uniq_frances, uniq_donald
Orc:1:    layout_caves, serial_shops, shop, basic_altar, abandoned_shop
Orc:2:    grunt_orc_community_town_hall, layout_diamond_mine,
          grunt_orc_community_big_house_1, grunt_orc_community_big_house_1,
          grunt_orc_community_house_2, grunt_orc_community_house_1,
          grunt_orc_community_house_1, grunt_orc_community_house_2,
          nicolae_shop_clearance, uniq_jorgrun

Skill      XL: |  1  2  3  4  5  6  7  8  9 10 11 12 13 14 15 16 |
---------------+-------------------------------------------------+-----
Axes           | 2 3 4 5 6 7 9 10 11 12 13 15 16 | 16.1
Fighting       | 4 5 6 8 9 10 11 12 | 12.0
Shields        | 5 6 7 8 9 10 11 12 15 | 15.2
Dodging        | 1 2 3 |  3.0
Throwing       | 2 4 6 |  6.0
Invocations    | 4 7 10 | 10.0
Armour         | 5 7 9 10 11 13 | 13.9

Action                     |  1- 3 |  4- 6 |  7- 9 | 10-12 | 13-15 | 16-18 || total
---------------------------+-------+-------+-------+-------+-------+-------++-------
  Melee: War axe           |    48 |   155 |   243 |   147 |       |       ||   593
         Broad axe         |       |       |       |   281 |  1296 |   607 ||  2184
         Hand axe          |       |       |       |    12 |    45 |       ||    57
  Throw: Boomerang         |    20 |    22 |    41 |    86 |    43 |       ||   212
         Javelin           |       |       |       |    25 |   155 |    25 ||   205
 Invoke: Heroism           |       |       |     7 |    28 |    30 |    10 ||    75
         Finesse           |       |       |       |     4 |     9 |     1 ||    14
    Use: Scroll            |     5 |    10 |     7 |     5 |    11 |     1 ||    39
         Potion            |       |     1 |     1 |     1 |     5 |     1 ||     9
 Armour: Scale mail        |    28 |    14 |       |       |       |       ||    42
         Chain mail        |       |    60 |   108 |    45 |       |       ||   213
         Plate armour      |       |       |       |   179 |   547 |       ||   726
         Gold dragon scale |       |       |       |       |   281 |   257 ||   538
  Dodge: Dodged            |    18 |    54 |    73 |   125 |   404 |   164 ||   838
  Block: Buckler           |     7 |    19 |       |       |       |       ||    26
         Kite shield       |       |     9 |    90 |   213 |   726 |    22 ||  1060
         Tower shield      |       |       |       |       |       |   436 ||   436

Table legend:
 A = Non-vault XP
 B = Vault XP
 C = Vault XP percentage of total XP
 D = Non-vault monster count
 E = Vault monster count
 F = Vault count percentage of total count
                 A         B        C        D         E       F
            +---------+---------+-------+---------+---------+-------
      Total |  106503 |   57568 |  35.1 |     535 |     192 |  26.4
            +---------+---------+-------+---------+---------+-------
        D:1 |      52 |       0 |   0.0 |      21 |       0 |   0.0
        D:2 |      47 |      38 |  44.7 |      15 |       1 |   6.2
        D:3 |     147 |      37 |  20.1 |      20 |       1 |   4.8
        D:4 |      71 |       0 |   0.0 |      19 |       0 |   0.0
        D:5 |     707 |       0 |   0.0 |      28 |       0 |   0.0
        D:6 |     438 |       0 |   0.0 |       9 |       0 |   0.0
        D:7 |    1610 |       0 |   0.0 |      18 |       0 |   0.0
        D:8 |    1945 |     476 |  19.7 |      23 |       3 |  11.5
        D:9 |    4106 |    1335 |  24.5 |      30 |       7 |  18.9
       D:10 |     890 |     783 |  46.8 |      16 |       1 |   5.9
       D:11 |    2987 |       0 |   0.0 |       9 |       0 |   0.0
       D:12 |    4908 |       0 |   0.0 |      25 |       0 |   0.0
       D:13 |    8271 |    6734 |  44.9 |      27 |      10 |  27.0
       D:14 |    9019 |    1402 |  13.5 |      19 |       1 |   5.0
       D:15 |    4370 |    8593 |  66.3 |      12 |      12 |  50.0
     Lair:1 |    2543 |    8169 |  76.3 |       7 |      21 |  75.0
     Lair:2 |    7194 |       0 |   0.0 |      27 |       0 |   0.0
     Lair:3 |    5084 |    3143 |  38.2 |      14 |       8 |  36.4
     Lair:4 |   11342 |     814 |   6.7 |      26 |       1 |   3.7
     Lair:5 |   20015 |   17984 |  47.3 |      69 |      58 |  45.7
    Snake:1 |   14358 |     779 |   5.1 |      27 |       1 |   3.6
      Orc:1 |    2937 |       0 |   0.0 |      40 |       0 |   0.0
      Orc:2 |    3462 |    7281 |  67.8 |      34 |      67 |  66.3
            +---------+---------+-------+---------+---------+-------
